 Dungeon Crawl Stone Soup version 0.21.0-24-g2553a33 (webtiles) character file.

149 Faca the Poker (level 5, -7/42 HPs)
             Began as a Merfolk Gladiator on Jan 19, 2018.
             Was an Initiate of Okawaru.
             Mangled by tamerofbeasts's ghost (9 damage)
             ... on level 3 of the Dungeon.
             The game lasted 00:05:54 (2904 turns).

Faca the Poker (Merfolk Gladiator)                  Turns: 2904, Time: 00:05:54

Health: -7/42      AC:  6    Str: 14    XL:     5   Next: 31%
Magic:  5/5        EV: 13    Int:  7    God:    Okawaru [......]
Gold:   150        SH:  0    Dex: 17    Spells: 4/4 levels left

rFire    . . .     SeeInvis .   a - +0 trident
rCold    . . .     Gourm    .   (no shield)
rNeg     . . .     Faith    .   l - +0 ring mail
rPois    .         Spirit   .   c - +0 helmet
rElec    .         Reflect  .   (no cloak)
rCorr    .         Harm     .   (no gloves)
MR       .....                  (no boots)
Stlth    ++........             (no amulet)
HPRegen  0.14/turn              k - ring of stealth
MPRegen  0.09/turn              (no ring)

@: no status effects
A: change form in water, swift swim, stealthy swim
a: Renounce Religion


You were on level 3 of the Dungeon.
You worshipped Okawaru.
Okawaru was noncommittal.
You were not hungry.

You visited 1 branch of the dungeon, and saw 3 of its levels.

You collected 150 gold pieces.

Inventory:

Hand Weapons
 a - a +0 trident (weapon)
Missiles
 d - 2 throwing nets
 h - 76 stones (quivered)
Armour
 c - a +0 helmet (worn)
 j - a +0 chain mail
 l - a +0 ring mail (worn)
Jewellery
 k - a ring of stealth (left hand)
Wands
 o - a wand of enslavement (13)
Scrolls
 b - 2 scrolls of enchant weapon {unknown}
 m - 3 scrolls of remove curse
 n - a scroll of enchant armour {unknown}
 p - 2 scrolls of identify {unknown}
Potions
 e - 2 potions of ambrosia {unknown}
 g - 2 potions of might {unknown}
 i - 3 potions of degeneration {unknown}
 q - 2 potions of cancellation {unknown}
 r - a potion of heal wounds {unknown}
 s - a potion of haste {unknown}
Comestibles
 f - 6 rations


   Skills:
 + Level 3.7 Fighting
 * Level 7.3 Polearms
 - Level 2.0 Throwing
 - Level 4.0 Dodging


You had 4 spell levels left.
You didn't know any spells.

Dungeon Overview and Level Annotations

Branches:
Dungeon (3/15)

Altars:
Okawaru

Annotations:
D:3 tamerofbeasts's ghost, amateur TrFi


Message History

Tamerofbeasts's ghost is moderately damaged.
Tamerofbeasts's ghost closely misses you.
Your ring mail prevents you from hitting tamerofbeasts's ghost.
Tamerofbeasts's ghost is moderately damaged.
Tamerofbeasts's ghost hits you but does no damage.
You hit tamerofbeasts's ghost.
Tamerofbeasts's ghost is moderately damaged.
Tamerofbeasts's ghost hits you but does no damage.
You hit tamerofbeasts's ghost.
Tamerofbeasts's ghost is heavily damaged.
Tamerofbeasts's ghost hits you.
* * * LOW HITPOINT WARNING * * *
You hit tamerofbeasts's ghost.
Tamerofbeasts's ghost is heavily damaged.
Tamerofbeasts's ghost hits you.
* * * LOW HITPOINT WARNING * * *
You hit tamerofbeasts's ghost but do no damage.
Tamerofbeasts's ghost is heavily damaged.
Tamerofbeasts's ghost hits you!
You die...

#......!######...#
#.......##.......#
#.......(........#
#......(##.#.....####
#.......##.#.#.......
#.......##.#.....###.
#.# #.####### #. #W#
##.## #. #@# ##.#.## ##
#.####.###.###.## #
#........## ##.##### #
.......#....###......###
#..###.#..##.#.#........
#. ..#....#.##########
####....###### #
..#.........#
#.#.....###.#######


You could see tamerofbeasts's ghost.

Vanquished Creatures
  Terence (D:2)
  4 gnolls (D:2)
  An adder (D:2)
  6 worms
  2 dart slugs (D:1)
  A leopard gecko (D:1)
  A ball python (D:3)
  3 giant cockroaches
  7 goblins
  5 hobgoblins
  2 kobolds
  2 quokkas (D:2)
  11 bats
  4 frilled lizards
  6 rats
56 creatures vanquished.

Notes
Turn   | Place    | Note
-------+----------+-------------------------------------------
     0 | D:1      | Faca the Merfolk Gladiator began the quest for the Orb.
     0 | D:1      | Reached XP level 1. HP: 16/16 MP: 1/1
   109 | D:1      | Reached XP level 2. HP: 23/23 MP: 2/2
   115 | D:1      | Reached skill level 5 in Polearms
   295 | D:1      | You fall through a shaft!
   295 | D:2      | Noticed Terence
   315 | D:2      | Killed Terence
   315 | D:2      | Reached XP level 3. HP: 6/29 MP: 3/3
   319 | D:2      | Reached skill level 6 in Polearms
   628 | D:2      | Reached XP level 4. HP: 34/35 MP: 4/4
  1938 | D:2      | Reached skill level 7 in Polearms
  1938 | D:2      | Reached XP level 5. HP: 17/41 MP: 5/5
  2467 | D:3      | Found an iron altar of Okawaru.
  2546 | D:3      | Became a worshipper of Warmaster Okawaru
  2581 | D:3      | Noticed tamerofbeasts's ghost (amateur TrFi)
  2903 | D:3      | HP: 2/42 [tamerofbeasts's ghost (2)]
  2904 | D:3      | Mangled by tamerofbeasts's ghost

Skill      XL: |  1  2  3  4 |
---------------+-------------+-----
Polearms       | 5 6 7 |  7.3
Fighting       | 3 |  3.7
Throwing       | |  2.0
Dodging        | |  4.0

Action                   |  1- 3 |  4- 6 || total
-------------------------+-------+-------++-------
Melee: Trident           |    68 |   150 ||   218
Throw: Throwing net      |     1 |       ||     1
       Stone             |       |     8 ||     8
  Use: Scroll            |       |     3 ||     3
 Stab: Sleeping          |     4 |     4 ||     8
  Eat: Ration            |       |     2 ||     2
Armor: Leather armour    |     9 |       ||     9
       Ring mail         |       |    48 ||    48
Dodge: Dodged            |    34 |   116 ||   150
